 Dungeon Crawl Stone Soup version 0.21-a0-95-g06f091e (webtiles) character file.

4 Banto the Skirmisher (level 1, 15/20 HPs)
             Began as a Demigod Wanderer on July 5, 2017.
             Quit the game on level 2 of the Dungeon.
             The game lasted 00:00:12 (158 turns).

Banto the Skirmisher (Demigod Wanderer)              Turns: 158, Time: 00:00:12

Health: 15/20      AC:  5    Str: 17    XL:     1   Next: 46%
Magic:  3/3        EV: 11    Int: 15    God:
Gold:   15         SH:  0    Dex: 14    Spells: 0/0 levels left

rFire    . . .     SeeInvis .   a - +2 dagger
rCold    . . .     Gourm    .   (no shield)
rNeg     . . .     Faith    .   d - +0 ring mail
rPois    .         Spirit   .   (no helmet)
rElec    .         Reflect  .   (no cloak)
rCorr    .         Harm     .   (no gloves)
MR       .....                  (no boots)
Stlth    +.........             (no amulet)
HPRegen  0.06/turn              (no ring)
MPRegen  0.08/turn              (no ring)

@: no status effects
A: high mp 1
a: no special abilities


You were on level 2 of the Dungeon.
You were not hungry.

You visited 1 branch of the dungeon, and saw 2 of its levels.

You collected 15 gold pieces.

Inventory:

Hand Weapons
 a - a +2 dagger (weapon)
 c - a +0 mace
Armour
 d - a +0 ring mail (worn)
Scrolls
 b - a scroll of fear
 g - 2 scrolls of identify {unknown}
 i - a scroll of teleportation {unknown}
Potions
 e - a potion of invisibility {unknown}
Comestibles
 f - a bread ration
 h - 3 fruits


   Skills:
 + Level 3.9 Fighting
 + Level 1.0 Maces & Flails
 + Level 1.7 Armour
 + Level 1.0 Dodging
 + Level 1.0 Stealth
   Level 1.0 Evocations


You couldn't memorise any spells.
You didn't know any spells.

Dungeon Overview and Level Annotations

Branches:
Dungeon (2/15)


Innate Abilities, Weirdness & Mutations

You have an increased reservoir of magic. (+10% MP)


Message History

A kobold comes into view.
The kobold shouts!
A kobold is nearby!
A kobold is nearby!
The kobold throws a stone.
The stone misses you. The kobold hits you but does no damage.
You hit the kobold.
The kobold is moderately wounded.
The kobold hits you.
You take 2 damage, and have 15/20 hp.
You closely miss the kobold.
The kobold is moderately wounded.
The kobold misses you.
You hit the kobold.
The kobold is heavily wounded.
The kobold closely misses you.
You hit the kobold.
You kill the kobold!
You see here a stone.
Are you sure you want to abandon this character and quit the game? (Confirm with "yes".)

#..
#..###########
#.....(......#
#......<.....#
#............#
#..#...#######
#..#.#.#
#....#(#####..
#..#..@.......
....#.#.#####..
### #.#.# . #.#
.. ..# .. ###
.##


There were no monsters in sight!

Vanquished Creatures
  A ball python (D:1)
  A hobgoblin (D:1)
  A kobold (D:2)
  A rat (D:1)
4 creatures vanquished.

Notes
Turn   | Place    | Note
-------+----------+-------------------------------------------
     0 | D:1      | Banto the Demigod Wanderer began the quest for the Orb.
     0 | D:1      | Banto set off with: a +2 dagger, a scroll of fear, a +0 mace, a +0 ring mail, a bread ration
     0 | D:1      | Reached XP level 1. HP: 19/19 MP: 3/3
   158 | D:2      | Quit the game

Vault maps used:
D:1:      enne_arrival_octagon_isle
D:2:      uniq_sigmund

Action                   || total
-------------------------++-------
Melee: Dagger            ||    15
Armor: Ring mail         ||     2
Dodge: Dodged            ||    10

Table legend:
 A = Turns spent in this place as a percentage of turns spent in the entire game.
 B = Non-inter-level travel turns spent in this place as a percentage of non-inter-level travel turns spent in the entire game.
 C = Inter-level travel turns spent in this place as a percentage of turns spent in this place.
 D = Turns resting spent in this place as a percentage of non-inter-level travel turns spent in this place.
 E = Turns spent auto-exploring this place as a percentage of non-inter-level travel turns spent in this place.
 F = Non-inter-level travel turns spent in this place divided by the number of levels of this place that you've seen.
                   A       B       C       D       E      F
               +-------+-------+-------+-------+-------+----------------------
         Total | 100.0 | 100.0 |   1.8 |   0.0 |  14.5 |  27.5
       Dungeon | 100.0 | 100.0 |   1.8 |   0.0 |  14.5 |  27.5
               +-------+-------+-------+-------+-------+----------------------

Table legend:
 A = Kills in this place as a percentage of kills in entire the game.
 B = Kills by you in this place as a percentage of kills by you in the entire game.
 C = Kills by friends in this place as a percentage of kills by friends in the entire game.
 D = Other kills in this place as a percentage of other kills in the entire game.
 E = Experience gained in this place as a percentage of experience gained in the entire game.
 F = Experience gained in this place divided by the number of levels of this place that you have seen.
                   A       B       C       D       E      F
               +-------+-------+-------+-------+-------+----------------------
         Total | 100.0 | 100.0 |  -nan |  -nan | 100.0 |   3.5
       Dungeon | 100.0 | 100.0 |  -nan |  -nan | 100.0 |   3.5
               +-------+-------+-------+-------+-------+----------------------
